 Dungeon Crawl Stone Soup version 0.18-a0-775-g4d9e04e (webtiles) character file.

122 corax the Covert (level 4, 0/23 HPs)
             Began as a Spriggan Assassin on Dec 13, 2015.
             Killed by divine providence
             ... invoked by an orc priest
              (10 damage)
             ... on level 3 of the Dungeon.
             The game lasted 00:08:32 (2464 turns).

corax the Covert (Spriggan Assassin)                Turns: 2464, Time: 00:08:33

Health: 0/23       AC:  3    Str:  7    XL:     4   Next: 78%
Magic:  5/5        EV: 18    Int: 13    God:
Gold:   162        SH:  0    Dex: 17    Spells: 0 memorised, 3 levels left

rFire  . . .     SeeInvis +     a - +2 dagger
rCold  . . .     Clarity  .     c - +0 robe
rNeg   + . .     SustAt   .     (shield restricted)
rPois  .         Gourm    .     (helmet restricted)
rElec  .         Spirit   .     d - +0 cloak
rCorr  .         Dismiss  +     (gloves unavailable)
rMut   .         Stasis   .     (boots unavailable)
MR     .....                    v - amulet of dismissal
Stlth  +++++.....               w - ring of flight
                                o - ring of positive energy

@: very quick, not resistant to hostile enchantments, quite stealthy
A: unfitting armour, see invisible, herbivore 3, speed 3, slow metabolism 2
a: Evoke Flight


You were on level 3 of the Dungeon.
You were not hungry.

You visited 1 branch of the dungeon, and saw 4 of its levels.

You collected 162 gold pieces.

Inventory:

Hand Weapons
 a - a +2 dagger (weapon)
 b - a +0 blowgun
Missiles
 e - a poisoned needle
 f - 7 curare-tipped needles
 i - 72 arrows
 j - 7 tomahawks (quivered)
 k - 87 stones
 p - 24 bolts
 r - 8 arrows of flame
 x - 5 silver tomahawks
 y - 49 sling bullets
 A - 15 arrows of frost
Armour
 c - a +0 robe (worn)
 d - a +0 cloak (worn)
Jewellery
 o - a ring of positive energy (left hand)
 v - an amulet of dismissal (around neck)
 w - a ring of flight (right hand)
Scrolls
 n - a scroll of amnesia {unknown}
 q - a scroll of enchant weapon {unknown}
 s - 2 scrolls of teleportation {unknown}
 t - 5 scrolls of identify {unknown}
Potions
 h - a potion of degeneration {unknown}
 l - a potion of agility {unknown}
 m - 2 potions of mutation {unknown}
 u - a potion of magic {unknown}
 z - a potion of curing {unknown}
Comestibles
 g - 4 bread rations


   Skills:
 + Level 1.8 Fighting
 + Level 2.4 Short Blades
 + Level 2.2 Throwing
 + Level 3.1 Dodging
 + Level 8.4 Stealth


You had 3 spell levels left.
You didn't know any spells.

Dungeon Overview and Level Annotations

Branches:
Dungeon (4/15)
 Temple: D:4-7

Altars:
Makhleb


Innate Abilities, Weirdness & Mutations

You are tiny and cannot use many weapons and most armour.
You have supernaturally acute eyesight.
You are a herbivore.
You cover ground extremely quickly.
You need consume almost no food.


Message History

A kobold comes into view. It is wielding a short sword.
The kobold shouts!
You hit the kobold.
The kobold is moderately wounded.
The kobold barely misses you.
You hit the kobold.
The kobold is severely wounded.
The kobold misses you.
You barely miss the kobold.
The kobold is severely wounded.
The kobold closely misses you.
You completely miss the kobold.
The kobold is severely wounded.
The orc priest shouts!
You hear a shout!
The kobold closely misses you.
You hit the kobold.
You kill the kobold!
The orc priest invokes the aid of Beogh against you.
Something smites you!
You die...

####.....>..................##
####...#####.......#.##....#
#..........#.......#.##....#####
####################..##.........
#.....................##.........
#..#...#...#...#...#..##.........
#_....................##......###
#..#...#...#...#...#..##....#.# #
#...............@..o..#######..##
####################(.# ##.##
#.#.##.#)# #.## #.#....#.# #.##
(######.#.##.#.# #..#
.(......#†##.#.# ##.#
...(oo..#.<#.#.# #...##...
.(.(o...####o#.# #...##...
(..o().oo....#.# #...##...


You could see an orc priest.

Vanquished Creatures
  An orc priest (D:3)
  A worker ant (D:3)
  An adder (D:2)
  2 giant geckos
  6 orcs (D:3)
  8 bats
  A giant cockroach (D:3)
  8 goblins
  5 hobgoblins
  5 jackals
  8 kobolds
  2 quokkas
  A ball python (D:3)
  3 giant newts
  5 rats
57 creatures vanquished.

Notes
Turn   | Place    | Note
--------------------------------------------------------------
     0 | D:1      | corax the Spriggan Assassin began the quest for the Orb.
     0 | D:1      | Reached XP level 1. HP: 10/10 MP: 2/2
    30 | D:1      | Reached skill level 6 in Stealth
   151 | D:1      | Reached XP level 2. HP: 14/14 MP: 3/3
   609 | D:1      | Reached skill level 7 in Stealth
   911 | D:2      | Reached XP level 3. HP: 4/18 MP: 4/4
  1663 | D:3      | Reached XP level 4. HP: 8/23 MP: 5/5
  2106 | D:3      | Reached skill level 8 in Stealth
  2439 | D:3      | Found a burning altar of Makhleb.
  2464 | D:3      | Killed from afar by an orc priest

Vault maps used:
D:1:      minmay_arrival_stair_chambers
D:2:      first_bread, kennysheep_generic_room_12
D:3:      lemuel_coloured_pillars_altar
D:4:      forest_paths, nicolae_gozag_seed_capital, okawaru_ov_weapons_minmay,
          uniq_natasha

Action                   |  1- 3 |  4- 6 || total
-------------------------+-------+-------++-------
Melee: Dagger            |    90 |    35 ||   125
 Fire: Blowgun           |     4 |    10 ||    14
Throw: Tomahawk          |     8 |     3 ||    11
 Stab: Sleeping          |    20 |     5 ||    25
       Distracted        |       |     1 ||     1
